 Dungeon Crawl Stone Soup version 0.29.1-13-g9f3cf754e1 (webtiles) character file.

Game seed: 1807170157214251918

70 cdecastro the Chiller (level 4, -10/30 HPs)
             Began as a Barachi Ice Elementalist on Feb 4, 2023.
             Mangled by an ogre
             ... wielding a +0 giant club
              (21 damage)
             ... on level 4 of the Dungeon.
             The game lasted 00:06:14 (2939 turns).

cdecastro the Chiller (Barachi Ice Elementalist)    Turns: 2939, Time: 00:06:15

Health: -10/30     AC:  9    Str: 10    XL:     4   Next: 21%
Magic:  0/7        EV: 12    Int: 17    God:
Gold:   125        SH:  0    Dex: 12    Spells: 0/7 levels left

rFire   . . .      SeeInvis .   q - +1 short sword (flame)
rCold   . . .      Faith    .   (no shield)
rNeg    . . .      Spirit   .   a - +0 robe
rPois   .          Reflect  .   (no helmet)
rElec   .          Harm     .   (no cloak)
rCorr   .          Rampage  .   (no gloves)
Will    .....                   (no boots)
Stlth   ++........              (no amulet)
HPRegen 0.10/turn               (no ring)
MPRegen 0.10/turn               (no ring)

@: ice-armoured, unable to hop, freezing walls, slow
A: amphibious, slowness 1, strong legs 1, +LOS
a: Hop


You were on level 4 of the Dungeon.
You visited 1 branch of the dungeon, and saw 4 of its levels.

You collected 125 gold pieces.

Inventory:

Hand Weapons
 c - a +0 dagger
 q - a +1 short sword of flaming (weapon)
Armour
 a - a +0 robe (worn)
Magical Staves
 f - a staff of death
Jewellery
 i - a ring of resist corrosion
 j - a ring of protection from cold
Scrolls
 e - a scroll of blinking {unknown}
 g - a scroll of immolation {unknown}
 l - a scroll of vulnerability {unknown}
 m - 3 scrolls of identify {unknown}
 n - a scroll of fear {unknown}
Potions
 b - a potion of magic
 d - a potion of might {unknown}
 h - 3 potions of lignification {unknown}
 k - 2 potions of mutation {unknown}
 o - a potion of flight {unknown}
 p - a potion of curing {unknown}


   Skills:
 - Level 2.1 Dodging
 - Level 1.7 Stealth
 - Level 2.1 Spellcasting
 + Level 6.8 Ice Magic


You couldn't memorise any spells.
You knew the following spells:

 Your Spells              Type           Power      Damage    Failure   Level
a - Freeze                Ice            100%       1d11      1%          1
b - Frozen Ramparts       Ice            50%        1d8       3%          3
c - Ozocubu's Armour      Ice            25%        N/A       3%          3

Your spell library contained the following spells:

 Spells                   Type           Power      Damage    Failure   Level
 Hailstorm                Conj/Ice       13%        3d5       43%         4


Dungeon Overview and Level Annotations

Branches:
Dungeon (4/15)
 Temple: D:4-7

Altars:

Shops:
D:1 *


Innate Abilities, Weirdness & Mutations

You are amphibious.
You cover ground slowly.
You can hop short distances.
You have an extended range of vision and can be seen from far away.


Message History

You start memorising the spell.
You continue memorising. x3
You finish memorising.
Spell assigned to 'c'.
You now have 125 gold pieces (gained 14).
An ogre comes into view. It is wielding a +0 giant club.
An ogre is nearby!
An ogre is nearby!
An ogre is nearby!
The ogre shouts!
Hop to where?
Press: ? - help, Dir - move target Boing!
Okay, then.
Unknown command.
Unknown command.
Casting: Freeze (safe; 1% risk of failure)
Confirm with . or Enter, or press ? or * to list all spells.
Casting: Frozen Ramparts (dangerous; 3% risk of failure)
Press: ? - help, Dir - look around, f - activate The walls around you are covered in ice.
Casting: Frozen Ramparts (dangerous; 3% risk of failure)
Confirm with . or Enter, or press ? or * to list all spells.
A film of ice covers your body!
The wall freezes the ogre.
The wall freezes the ogre.
Unknown command.
You barely miss the ogre.
The ogre is moderately wounded.
The wall freezes the ogre.
The ogre hits you with a +0 giant club!!
Ouch! That really hurt!
* * * LOW HITPOINT WARNING * * *
Unknown command.
Aiming: Freeze (safe; 1% risk of failure)
Press: ? - help, Q - select action, (/) - cycle Shift-Dir - straight line, f - ogre
Aim: an ogre, wielding a +0 giant club (moderately wounded)
You freeze the ogre.
The ogre is heavily wounded.
The wall freezes the ogre.
The ogre hits you with a +0 giant club!!
Ouch! That really hurt!
You die...

###############
#.....##......#
#.###.##.####.#
#.##....O@....########
#.##..##.###.<........
#.##..##.####...######
#.....##.........#
####.########...##
##O## ##.## #...## #.#
#.#.#.# #.# #....#O#
#+#


You could see an ogre.

Vanquished Creatures
  An adder (D:2)
  A worm (D:2)
  A dart slug (D:3)
  4 orcs (D:3)
  6 ball pythons
  7 endoplasms
  5 goblins
  7 hobgoblins
  5 kobolds
  3 quokkas (D:2)
  2 frilled lizards
  2 rats (D:1)
44 creatures vanquished.

Notes
Turn   | Place    | Note
-------+----------+-------------------------------------------
     0 | D:1      | cdecastro the Barachi Ice Elementalist began the quest for
                  | the Orb.
     0 | D:1      | Reached XP level 1. HP: 13/13 MP: 3/3
    82 | D:1      | Reached skill level 5 in Ice Magic
   390 | D:1      | Found Ubycach's Assorted Antiques.
   394 | D:1      | Reached XP level 2. HP: 16/19 MP: 3/5
  1246 | D:2      | Reached skill level 6 in Ice Magic
  1246 | D:2      | Reached XP level 3. HP: 24/24 MP: 3/6
  1301 | D:2      | Found a faded altar of an unknown god.
  2299 | D:2      | Learned a level 3 spell: Frozen Ramparts
  2314 | D:3      | Reached XP level 4. HP: 30/30 MP: 4/7
  2891 | D:4      | Learned a level 3 spell: Ozocubu's Armour
  2924 | D:4      | Noticed an ogre
  2939 | D:4      | Mangled by an ogre

Illustrated notes

Levels and vault maps discovered:
D:1:      amcnicky_arrival_wind_blow, layout_basic, serial_shops, shop
D:2:      layout_loops_ring, chequers_ecumenical_altar_simple,
          minmay_misc_feat_square
D:3:      layout_basic
D:4:      layout_loops_corners, jmf_multi_god_temple2,
          minmay_temple_entry_junction, dk_vineyard_1

Skill      XL: |  1  2 |
---------------+-------+-----
Ice Magic      | 5 6 |  6.8
Dodging        | |  2.1
Stealth        | |  1.7
Spellcasting   | |  2.1

Action                   |  1- 3 |  4- 6 || total
-------------------------+-------+-------++-------
Melee: Dagger            |    14 |     3 ||    17
       Short sword       |       |     1 ||     1
 Cast: Freeze            |    47 |    11 ||    58
       Ozocubu's Armour  |       |     1 ||     1
       Frozen Ramparts   |       |     1 ||     1
 Abil: Hop               |       |     1 ||     1
Armor: Robe              |     4 |     2 ||     6
Dodge: Dodged            |    27 |     7 ||    34
